 Dungeon Crawl Stone Soup version 0.31.0-32-g396128a36d (webtiles) character file.

Game seed: 1554339075607254163

49 hawla the Covered (level 3, -2/31 HPs)
             Began as a Minotaur Monk on Mar 23, 2024.
             Killed by nerve-wracking pain
             ... invoked by an orc priest
              (3 damage)
             ... on level 3 of the Dungeon on Mar 24, 2024.
             The game lasted 00:03:46 (1636 turns).

hawla the Covered (Minotaur Monk)                   Turns: 1636, Time: 00:03:48

Health: -2/31      AC: 10    Str: 15    XL:     3   Next: 53%
Magic:  2/2        EV: 10    Int:  7    God:
Gold:   60         SH:  0    Dex: 14    Spells: 2/2 levels left

rFire   x . .        a - +0 falchion
rCold   + + .        d - orb {light}
rNeg    . . .        g - +0 ice dragon scales
rPois   .            (helmet restricted)
rElec   .            (no cloak)
rCorr   .            (no gloves)
SInv    .            (no boots)
Will    .....        (no amulet) Stlth
                     (no ring)
HPRegen 0.25/turn    (no ring)
MPRegen 0.08/turn

%: no passive effects
@: lethally poisoned (-2 -> -7), attractive, glowing
A: horns 2, retaliatory headbutt
a: no special abilities


You were on level 3 of the Dungeon.
You visited 1 branch of the dungeon, and saw 3 of its levels.

You collected 60 gold pieces.

Inventory:

Hand Weapons
 a - a +0 falchion (weapon)
Armour
 d - an orb of light (worn)
 g - +0 ice dragon scales (worn)
Scrolls
 b - a scroll of teleportation {unknown}
 e - a scroll of revelation {unknown}
Potions
 c - a potion of ambrosia
 f - 2 potions of lignification
 h - a potion of magic {unknown}
 i - a potion of attraction
 j - a potion of haste {unknown}


   Skills:
 - Level 3.6 Fighting
 - Level 3.6 Long Blades
 + Level 4.0 Armour
 - Level 3.2 Dodging


You had 2 spell levels left.
You didn't know any spells.
Your spell library was empty.

Dungeon Overview and Level Annotations

Branches:
Dungeon (3/15)

Altars:
Kikubaaqudgha

Annotations:
D:2 dig the snakes


Innate Abilities, Weirdness & Mutations

You have a pair of horns on your head.
You reflexively headbutt those who attack you in melee.


Message History

An orc priest comes into view. It is wielding a +0 hand axe.
You barely miss the orc.
The orc priest shouts!
You headbutt the orc!
You kill the orc!
You slash the orc!
You kill the orc!
The orc priest miscasts a cantrip.
You hit the orc. You headbutt the orc, but do no damage.
The orc is heavily wounded.
The orc hits you but does no damage.
You are poisoned.
The orc closely misses you. You furiously retaliate!
You headbutt the orc. You hit the orc but do no damage.
The orc is heavily wounded.
You feel sick. The orc hits you but does no damage.
You are more poisoned.
The orc hits you but does no damage.
You hit the orc.
You kill the orc!
You feel very sick. The orc barely misses you. You furiously retaliate!
You headbutt the orc, but do no damage.
The orc priest mumbles some strange prayers to Beogh against you.
Beogh smites you!
Your Armour skill increases to level 4!
You hit the orc priest.
The orc priest is moderately wounded.
You feel very sick. The orc closely misses you. You furiously retaliate!
You headbutt the orc.
The orc priest mumbles some strange prayers to Beogh against you.
Beogh smites you!
* * * LOW HITPOINT WARNING * * *
It was a potion of attraction.
You feel attractive to monsters.
* * * LOW HITPOINT WARNING * * *
You feel sick. The orc hits you but does no damage.
The orc priest mumbles some strange prayers to Beogh against you.
Pain shoots through your body!
You die...

.# .# .#
#.## ...#
##♣...♣##
#.o)....#
#.@o♣
#).....)#
##♣.>.♣##
...# ####


You could see an orc priest and an orc.

Vanquished Creatures
  A dart slug (D:2)
  A ribbon worm (D:2)
  3 orcs (D:3)
  A bat (D:1)
  4 giant cockroaches
  6 goblins
  3 hobgoblins (D:1)
  4 jackals (D:1)
  A quokka (D:2)
  5 ball pythons
  2 frilled lizards
  7 rats
38 creatures vanquished.

Notes
Turn   | Place    | Note
-------+----------+-------------------------------------------
     0 | D:1      | hawla the Minotaur Monk began the quest for the Orb.
     0 | D:1      | Reached XP level 1. HP: 19/19 MP: 0/0
    88 | D:1      | Reached skill level 1 in Armour
   222 | D:1      | Reached skill level 2 in Armour
   222 | D:1      | Reached XP level 2. HP: 25/26 MP: 1/1
   800 | D:1      | Reached skill level 3 in Armour
  1009 | D:2      | Found an ancient bone altar of Kikubaaqudgha.
  1164 | D:2      | Reached XP level 3. HP: 31/31 MP: 2/2
  1635 | D:3      | Reached skill level 4 in Armour
  1635 | D:3      | HP: 1/31 [orc priest/divine providence (12)]
  1636 | D:3      | Killed from afar by an orc priest

Illustrated notes

Levels and vault maps discovered:
D:1:      dpeg_arrival_simpleton_a, layout_loops_corners
D:2:      layout_basic, basic_altar, minmay_statues_item, lightli_corner_chamber
D:3:      layout_basic, hangedman_decor_points, grunt_ministairs_7,
          uniq_crazy_yiuf_cottage

Skill      XL: |  1  2  3 |
---------------+----------+-----
Armour         | 2 3 4 |  4.0
Fighting       | |  3.6
Long Blades    | |  3.6
Dodging        | |  3.2

Action                     || total
---------------------------++-------
  Melee: Falchion          ||    70
         Headbutt          ||    10
    Use: Scroll            ||     3
         Potion            ||     1
 Armour: Robe              ||    17
         Ice dragon scales ||    20
  Dodge: Dodged            ||    36
